AoeStats
← {WaZzU'P} Recluta4!

Arena

510207708Analyzed
4v4 RM · 1d ago on Sep 30, 2026· 33m 40s· 8 players
Game mode
Random Map
Map size
Large (8 player)
Population
200
Speed
Normal
Resources
Standard
Victory
Conquest
Starting age
Dark Age
Ending age
Imperial Age
RankedLock teamsTeams togetherTeam positionsShared explorationLock speedFull tech treeHidden civsTurbo modeCheats
Victory
Defeat
🇺🇸 Berbers · United States
1250
+11
🇨🇭 Vikings · Switzerland
1163
+14
🇨🇦 Byzantines · Canada
1126
+16
🇻🇪 Spanish · Venezuela
1053
+19
🇺🇸 Burgundians · United States
1178
-17
🇺🇸 Japanese · United States
1162
-16
🇨🇱 Danes · Chile
1143
-16
🇨🇱 Franks · Chile
1013
-11
{WaZzU'P} Recluta4!
10:41 Feudal Age
14:48 Castle Age
12:42 Double-Bit Axe
12:53 Horse Collar
15:12 Town Watch
16:30 Bow Saw
16:21 Heavy Plow
17:21 Wheelbarrow
22:04 Loom
23:46 Hand Cart
23:38 Fletching
24:35 Gold Mining
25:57 Gold Shaft Mining
25:13 Stone Mining
26:17 Stone Mining
26:49 Bodkin Arrow
26:55 Padded Archer Armor
31:02 Imperial Age
28:56 Ballistics
28:51 Murder Holes
30:22 Masonry
31:09 Bloodlines
31:37 Leather Archer Armor
31:23 Husbandry
30:44 Light Cavalry
31:50 Fortified Wall
31:06 Elite Camel Archer
32:38 Bracer
32:45 Scale Barding Armor
32:46 Maghrebi Camels
32:49 Husbandry
33:55 Hoardings
32:54 Elite Camel Archer
34:25 Ring Archer Armor
33:33 Heavy Camel Rider
Leboeuf
9:15 Loom
11:00 Feudal Age
12:44 Double-Bit Axe
16:27 Castle Age
16:52 Pikeman
17:32 Squires
17:49 Scale Mail Armor
21:07 Horse Collar
22:55 Gold Mining
26:13 Wheelbarrow
25:32 Gambesons
28:24 Man-at-Arms
28:49 Gambesons
29:18 Heavy Plow
30:15 Scale Barding Armor
30:22 Forging
31:58 Bow Saw
31:56 Long Swordsman
32:56 Chain Mail Armor
34:28 Iron Casting
33:46 Fletching
{WaZzU'P} GranPolo
8:54 Loom
10:39 Feudal Age
16:32 Castle Age
14:33 Horse Collar
14:42 Double-Bit Axe
14:59 Town Watch
16:14 Forging
17:55 Town Patrol
18:12 Heavy Plow
23:34 Bow Saw
27:20 Fletching
27:42 Gold Mining
27:42 Stone Mining
32:55 Imperial Age
32:26 Iron Casting
31:47 Bodkin Arrow
31:53 Scale Mail Armor
34:40 Gold Shaft Mining
{WaZzU'P} Sr Gilmapi
5:01 Loom
10:05 Feudal Age
14:36 Castle Age
13:34 Double-Bit Axe
18:20 Fletching
32:52 Scale Barding Armor
32:44 Bodkin Arrow
34:20 Wheelbarrow
juparedesc
0:36 Loom
3:01 Loom
5:26 Loom
5:39 Loom
12:09 Feudal Age
11:53 Loom
15:22 Wheelbarrow
Xavier
10:18 Feudal Age
11:06 Horse Collar
11:11 Double-Bit Axe
17:43 Castle Age
16:43 Man-at-Arms
21:30 Elite Skirmisher
22:06 Fletching
22:42 Bodkin Arrow
22:57 Thumb Ring
23:55 Padded Archer Armor
28:42 Leather Archer Armor
Sir Penjamin Danklin II
10:08 Feudal Age
13:53 Castle Age
12:27 Double-Bit Axe
12:52 Horse Collar
15:18 Pikeman
17:36 Arson
19:33 Forging
20:25 Squires
21:30 Iron Casting
20:56 Loom
21:54 Man-at-Arms
22:40 Long Swordsman
23:21 Scale Mail Armor
23:59 Wheelbarrow
27:13 Heavy Plow
27:30 Gambesons
28:02 Chain Mail Armor
28:02 Bow Saw
30:53 Imperial Age
30:58 Two-Handed Swordsman
31:52 Champion
34:09 Two-Man Saw
33:53 Gold Mining
SmokeyDaBear
8:09 Horse Collar
9:03 Double-Bit Axe
11:13 Feudal Age
15:25 Castle Age
14:17 Bow Saw
14:42 Heavy Plow
17:44 Two-Man Saw
20:30 Wheelbarrow
19:46 Loom
23:26 Hand Cart
28:12 Imperial Age
25:26 Cavalier
26:07 Husbandry
26:36 Scale Barding Armor
27:25 Gold Mining
28:17 Pikeman
28:57 Squires
28:43 Arson
29:07 Paladin
29:48 Husbandry
30:49 Conscription
31:57 Forging
32:46 Chain Barding Armor
Connection lost

Rejoining the realm…

Still unreachable

The connection could not be restored.

Session expired

The server has moved on; the page needs a fresh start.